 Dungeon Crawl Stone Soup version 0.31.0-12-g77e489cdc1 (webtiles) character file.

Game seed: 865621634512112548

1170 CreativeNameHere the Covert (level 8, 0/57 HPs)
             Began as a Vampire Enchanter on Mar 2, 2024.
             Was an Initiate of Dithmenos.
             Slain by a phantom (2 damage)
             ... on level 5 of the Dungeon.
             The game lasted 00:43:40 (3856 turns).

CreativeNameHere the Covert (Vampire Enchanter)     Turns: 3856, Time: 00:43:40

Health: 0/57       AC:  4    Str:  7    XL:     8   Next: 17%
Magic:  3/14       EV: 12    Int: 20    God:    Dithmenos [......]
Gold:   249        SH:  0    Dex: 14    Spells: 10/15 levels left

rFire   + . .        r - +0 rapier
rCold   x . .        (no shield)
rNeg    . . .        s - +1 leather armour
rPois   .            (no helmet)
rElec   .            (no cloak)
rCorr   .            (no gloves)
SInv    +            (no boots)
Will    .....        (no amulet)
Stlth   ++++         l - ring of fire
HPRegen 0.49/turn    (no ring)
MPRegen 0.14/turn

%: no passive effects
@: healing quickly
A: alive, fangs 3, see invisible, vampiric 2
a: Exsanguinate, Renounce Religion


You were on level 5 of the Dungeon.
You worshipped Dithmenos.
Dithmenos was noncommittal.
You visited 2 branches of the dungeon, and saw 6 of its levels.

You collected 249 gold pieces.

Inventory:

Hand Weapons
 a - a +1 dagger
 j - a +0 short sword
 o - a +4 flail
 r - a +0 rapier (weapon)
Missiles
 c - 6 poisoned darts
 i - 9 boomerangs
 p - 2 curare-tipped darts
Armour
 b - a +0 robe
 s - a +1 leather armour (worn)
Jewellery
 l - a ring of fire (left hand)
Wands
 u - a wand of polymorph (6)
Scrolls
 e - 2 scrolls of identify {unknown}
 f - a scroll of immolation {unknown}
 h - 2 scrolls of fog
 m - a scroll of silence {unknown}
 n - a scroll of enchant weapon {unknown}
 q - a scroll of noise {unknown}
 t - 3 scrolls of acquirement {unknown}
 v - a scroll of brand weapon {unknown}
Potions
 d - a potion of degeneration {unknown}
 g - a potion of enlightenment {unknown}
 k - a potion of resistance {unknown}


   Skills:
 + Level 2.8 Fighting
 + Level 3.8 Short Blades
 + Level 0.4 Throwing
 + Level 1.0 Armour
 + Level 3.1 Dodging
 + Level 8.8 Stealth
 + Level 4.0 Spellcasting
 + Level 6.7 Hexes
 + Level 2.8 Ice Magic


You had 10 spell levels left.
You knew the following spells:

 Your Spells              Type           Power      Damage    Failure   Level
a - Ensorcelled Hibernat  Hex/Ice        46%        N/A       3%          2
b - Tukima's Dance        Hex            31%        N/A       3%          3

Your spell library contained the following spells:

 Spells                   Type           Power      Damage    Failure   Level
 Confusing Touch          Hex            31%        N/A       3%          3
 Dazzling Flash           Conj/Hex       34%        N/A       14%         3
 Sublimation of Blood     Necr           4%         N/A       28%         2
 Petrify                  Alch/Erth      4%         N/A       88%         4
 Irradiate                Conj/Alch      2%         3d12      99%         5


Dungeon Overview and Level Annotations

Branches:
Dungeon (5/15)             Temple (1/1) D:4

Altars:
Cheibriados
Dithmenos
Fedhas
Kikubaaqudgha
Makhleb
Nemelex Xobeh
Qazlal
Ru
Sif Muna
Uskayaw
Vehumet
Wu Jian
Xom
Yredelemnul

Shops:
D:5 (


Innate Abilities, Weirdness & Mutations

Your natural rate of healing is accelerated.
You have razor-sharp teeth.
You have supernaturally acute eyesight. (SInv)
You are afflicted with vampirism and can become a bat while bloodless.


Message History

The phantom closely misses you.
You closely miss the phantom.
The phantom is moderately damaged.
The phantom barely misses you.
Aiming: Ensorcelled Hibernation (safe; 3% risk of failure)
Press: ? - help, Q - select action, (/) - cycle Shift-Dir - straight line, f/p - phantom
Aim: a phantom (moderately damaged, not susceptible)
The phantom is unaffected.
The phantom closely misses you.
You hit the phantom.
The phantom is moderately damaged.
The phantom hits you.
* * * LOW HITPOINT WARNING * * *
The phantom blinks!
You blink.
You hit the phantom but do no damage.
The phantom is moderately damaged.
The phantom closely misses you.
You closely miss the phantom.
The phantom is moderately damaged.
The phantom hits you but does no damage.
You miss the phantom. You bite the phantom, but do no damage.
The phantom is moderately damaged.
The phantom hits you but does no damage.
You hit the phantom but do no damage.
The phantom is moderately damaged.
The phantom hits you.
* * * LOW HITPOINT WARNING * * *
You hit the phantom but do no damage. Your bite misses the phantom.
The phantom is moderately damaged.
The phantom misses you. The phantom attacks as it pursues you!
The phantom barely misses you. The phantom hits you.
* * * LOW HITPOINT WARNING * * *
The phantom attacks as it pursues you! The phantom hits you.
* * * LOW HITPOINT WARNING * * *
The phantom blinks!
You blink.
As you read the scroll labelled XYGEOSTR ZIKI, it dissolves into smoke.
It was a scroll of fog.
The phantom hits you.
You die...

# ###.... #.. ... #.#####.##
#.# #.# #.#.P≈#..# ### #.#
#######.###.#D..#..# #..
..######...........#####..# #.#
#.#.[. #.#####.#....†.§...# #.#
#.#.#.##.# ###§#.#...∩....#
#.###...#....###§§§§..........#
......#####....§@W§#.#####.#..#
..###...#....###§###.# #...##
### ###.#.##.# #§###.# #.###
#######...##.# #)..#.# #.#
..[..........# #...#.#####.####
#######...######...#..........#
.## ##.####.........####.##.#
..######..............####.# #
......#######..........(...#


You could see a phantom.

Vanquished Creatures
  Duvessa (D:5)
  An orc warrior (D:4)
  A black bear (D:4)
  2 ogres
  A phantom (D:5)
  A scorpion (D:5)
  A gnoll sergeant (D:4)
  Dowan (D:5)
  2 orc priests (D:4)
  A bombardier beetle (D:5)
  An iguana (D:5)
  2 orc wizards
  3 gnolls (D:4)
  5 adders
  4 dart slugs
  4 ribbon worms
  15 orcs
  7 endoplasms
  2 giant cockroaches
  6 goblins
  6 hobgoblins
  2 jackals (D:2)
  A quokka (D:2)
  3 ball pythons
  4 bats
  3 frilled lizards
  2 kobolds (D:2)
  A rat (D:2)
83 creatures vanquished.

Vanquished Creatures (collateral kills)
  Eustachio (D:4)
1 creature vanquished.

Grand Total: 84 creatures vanquished

Notes
Turn   | Place    | Note
-------+----------+-------------------------------------------
     0 | D:1      | CreativeNameHere the Vampire Enchanter began the quest for
                  | the Orb.
     0 | D:1      | Reached XP level 1. HP: 13/13 MP: 3/3
   200 | D:1      | Reached XP level 2. HP: 19/19 MP: 5/5
   203 | D:1      | Learned a level 2 spell: Ensorcelled Hibernation
   437 | D:2      | Reached skill level 5 in Stealth
   621 | D:2      | Gained mutation: You are afflicted with vampirism and can
                  | become a bat while bloodless. [Vampire growth]
   621 | D:2      | Reached XP level 3. HP: 24/24 MP: 6/6
  1189 | D:3      | Reached skill level 5 in Hexes
  1204 | D:3      | Reached XP level 4. HP: 24/30 MP: 7/7
  1457 | D:3      | Noticed an ogre
  1472 | D:3      | HP: 1/30 [ogre/+0 giant club (29)]
  1546 | D:3      | Learned a level 3 spell: Tukima's Dance
  1732 | D:3      | Killed an ogre
  1733 | D:3      | Reached skill level 6 in Stealth
  1733 | D:3      | Reached skill level 1 in Ice Magic
  1733 | D:3      | Reached XP level 5. HP: 36/36 MP: 2/9
  2168 | D:4      | Noticed an ogre
  2170 | D:4      | Killed an ogre
  2171 | D:4      | Reached skill level 7 in Stealth
  2187 | D:4      | Reached XP level 6. HP: 42/42 MP: 5/10
  2206 | D:4      | Noticed Eustachio
  2227 | D:4      | Killed Eustachio
  2228 | D:4      | Reached skill level 1 in Fighting
  2301 | D:4      | Found a staircase to the Ecumenical Temple.
  2462 | Temple   | Entered the Ecumenical Temple
  2615 | Temple   | Became a worshipper of Dithmenos the Shadowed
  2636 | D:4      | Noticed an orc warrior
  2649 | D:4      | Killed an orc warrior
  2650 | D:4      | Reached XP level 7. HP: 41/49 MP: 6/12
  3277 | D:5      | Entered Level 5 of the Dungeon
  3365 | D:5      | Found a hide-covered altar of Uskayaw.
  3365 | D:5      | Noticed a +0 falchion
  3365 | D:5      | Noticed a +0 spear
  3365 | D:5      | Noticed a +0 dagger
  3367 | D:5      | Noticed a +0 short sword
  3367 | D:5      | Noticed a +0 dagger
  3368 | D:5      | Noticed a +0 short sword
  3368 | D:5      | Noticed a +0 spear
  3368 | D:5      | Noticed a +0 falchion
  3431 | D:5      | Reached skill level 8 in Stealth
  3494 | D:5      | Found a basalt altar of Yredelemnul.
  3777 | D:5      | Noticed Duvessa
  3780 | D:5      | Noticed Dowan
  3785 | D:5      | Found Aseoggit's Hydra Hut.
  3790 | D:5      | Killed Duvessa
  3791 | D:5      | Reached XP level 8. HP: 57/57 MP: 10/14
  3794 | D:5      | Killed Dowan
  3795 | D:5      | Reached skill level 1 in Armour
  3822 | D:5      | Noticed a seven-headed hydra
  3854 | D:5      | HP: 1/57 [phantom (5)]
  3856 | D:5      | Slain by a phantom

Illustrated notes

Levels and vault maps discovered:
D:1:      ebering_hopf_link, layout_loops_ring, palyth_stone_intersect
D:2:      layout_basic
D:3:      layout_loops_ring
D:4:      layout_basic, minmay_temple_entry_arrows, guppyfry_early_orc_mine,
          uniq_eustachio
D:5:      layout_loops_ring, lemuel_doored_altar, nicolae_uskayaw_en_pointe,
          doesnt_shop_hydraphobe, uniq_duvessa, uniq_crazy_yiuf_cottage
Temple:   nicolae_temple_god_jail

Skill      XL: |  1  2  3  4  5  6  7  8 |
---------------+-------------------------+-----
Stealth        | 5 6 7 8 |  8.8
Hexes          | 5 6 |  6.7
Short Blades   | 2 3 |  3.8
Ice Magic      | 1 2 |  2.8
Fighting       | 1 2 |  2.8
Spellcasting   | 3 4 |  4.0
Dodging        | 3 |  3.1
Armour         | 1 |  1.0
Throwing       | |  0.4

Action                     |  1- 3 |  4- 6 |  7- 9 || total
---------------------------+-------+-------+-------++-------
  Melee: Dagger            |    75 |    43 |       ||   118
         Bite              |     6 |     8 |    13 ||    27
         Punch             |     1 |       |       ||     1
         Rapier            |       |    19 |    84 ||   103
  Throw: Dart              |       |     2 |     6 ||     8
         Boomerang         |       |       |     1 ||     1
   Cast: Ensorcelled Hiber |    16 |    21 |    37 ||    74
         Tukima's Dance    |       |     5 |       ||     5
    Use: Potion            |       |     2 |       ||     2
         Scroll            |       |     1 |     1 ||     2
   Stab: Sleeping          |    16 |    12 |    21 ||    49
         Distracted        |       |     1 |     1 ||     2
 Armour: Robe              |    20 |    20 |       ||    40
         Leather armour    |       |    17 |    74 ||    91
  Dodge: Dodged            |    34 |    45 |    70 ||   149
